[Event "*** Titled Tuesday Blitz"]
[Site "Chess.com"]
[Date "2020.10.20"]
[Round "7"]
[White "Triumphmate"]
[Black "Legendinunknown"]
[Result "0-1"]
[WhiteElo "2427"]
[BlackElo "2604"]
[TimeControl "180+1"]
[EndTime "11:20:28 PDT"]
[Termination "Legendinunknown won by resignation"]

1. e4 e5 2. Nf3 Nc6 3. Nc3 Nf6 4. Bb5 Bd6 5. d3 h6 6. Be3 O-O 7. Qd2 Ng4 8. O-O-O Nxe3 9. fxe3 a6 10. Bxc6 bxc6 11. d4 Qe7 12. h4 Rb8 13. Qd3 exd4 14. exd4 Bf4+ 15. Kb1 c5 16. Nd5 Qd6 17. dxc5 Qe6 18. Nd4 Qg4 19. Nf5 Be5 20. c3 Qxg2 21. b3 Qf2 22. Rhg1 Kh7 23. Rdf1 Qxc5 24. Qd2 d6 25. Nxg7 Rg8 26. Nf6+ Bxf6 27. Nf5 Bxf5 28. Rxg8 Rxg8 29.
Rxf5 Qxc3 30. Qxc3 Bxc3 31. Rxf7+ Rg7 32. Rf5 Be5 33. Kc2 Rg2+ 34. Kd3 Kg7 35. Rf1 Rg3+ 36.
Kc4 Rg4 37. Kd5 Rxh4 38. Rc1 c5 39. a3 Rh2 40. b4 cxb4 41. axb4 Rd2+ 42. Ke6 Rd4 43.
Rg1+ Kh7 44. Rc1 Rxe4 45. Rc7+ Kg6 46. Rb7 Bf4+ 47. Kd5 Re5+ 48. Kxd6 Rb5+ 49. Kc6 Rxb7 50. Kxb7 Bd2 51. Kxa6 Bxb4 0-1

[Event "*** Titled Tuesday Blitz"]
[Site "Chess.com"]
[Date "2020.10.20"]
[Round "7"]
[White "SanchezKelvin"]
[Black "GelmanAlexander"]
[Result "1-0"]
[WhiteElo "2425"]
[BlackElo "2586"]
[TimeControl "180+1"]
[EndTime "11:20:29 PDT"]
[Termination "SanchezKelvin won on time"]

1. d4 Nf6 2. c4 c5 3. d5 b5 4. cxb5 a6 5. b6 d6 6. Nc3 Nbd7 7. g3 g6 8. Bg2 Bg7 9. Nf3 O-O 10. O-O Rb8 11. Nd2 Nxb6 12. h3 Qc7 13. a4 e6 14.
a5 Nbxd5 15. Nxd5 exd5 16. Ra3 Re8 17. Re1 Bb7 18. Nf3 d4 19. e3 dxe3 20. Rexe3 Rxe3 21. Bxe3 Be4 22. Rb3 Rxb3 23. Qxb3 Nd5 24. Bd2 c4 25.
Qa4 Qc8 26. Bc1 h6 27. Nd2 Bxg2 28. Kxg2 c3 29. bxc3 Nxc3 30. Qc4 Qb7+ 31. Kh2 d5 32. Qc5 d4 33. Qb6 Qc8 34. Kg2 d3 35. Qe3 Nd1 36. Qe7 Qxc1 37. Qe8+ Bf8 38. Ne4 Qb2 39. Qa4 Nc3 40. Qd4 Bg7 41. Qd8+ Kh7 42. Nf6+ Bxf6 43. Qxf6 Na4 44. Qxf7+ Qg7 45. Qc4 d2 46. Qxa4 Qd7 47.
Qxd7+ 1-0

[Event "*** Titled Tuesday Blitz"]
[Site "Chess.com"]
[Date "2020.10.20"]
[Round "7"]
[White "Zemerovv"]
[Black "djano"]
[Result "0-1"]
[WhiteElo "2288"]
[BlackElo "2462"]
[TimeControl "180+1"]
[EndTime "11:20:29 PDT"]
[Termination "djano won on time"]

1. g3 d5 2. Bg2 Nc6 3. d3 Nf6 4.
Nd2 h5 5. h3 e5 6. e3 Bf5 7. Ne2 Qd7 8. b3 Be7 9. Bb2 O-O 10. Nf3 Bd6 11. g4 hxg4 12. hxg4 Bxg4 13. Ng5 Qf5 14. Nh3 a5 15. Qd2 a4 16. Ng3 Qd7 17. f3 e4 18. f4 axb3 19. Bxf6 gxf6 20. Kf2 f5 21. Ng5 f6 22. Nh3 bxa2 23. dxe4 dxe4 24.
Qd5+ Qf7 25. Qxf7+ Kxf7 26. Bf1 Nb4 27. Bc4+ Ke7 28. Ng1 Nxc2 29. N1e2 Nxa1 30. Rxa1 Bxe2 31. Nxf5+ Kd8 32. Kxe2 Rh8 33. Kd2 Rh2+ 34. Kc3 Ra5 35. Ng3 Rh3 36. Nxe4 Rxe3+ 37. Kd4 Bxf4 38. Rxa2 Rxa2 39.
Bxa2 Ra3 40. Bd5 Be5+ 41. Kc4 c6 42. Bg8 Kc7 43. Be6 Re3 44. Bf5 b5+ 45. Kb4 Bd6+ 46. Nxd6 Kxd6 47. Bg6 Rg3 48. Bf5 Rf3 49. Bg6 Rf4+ 0-1

[Event "*** Titled Tuesday Blitz"]
[Site "Chess.com"]
[Date "2020.10.20"]
[Round "7"]
[White "IngOscarArdila"]
[Black "MF1966Idrisov"]
[Result "1-0"]
[WhiteElo "2194"]
[BlackElo "2322"]
[TimeControl "180+1"]
[EndTime "11:20:29 PDT"]
[Termination "IngOscarArdila won by resignation"]

1. d4 d6 2. Nf3 f5 3. c4 Nf6 4.
Nc3 e6 5. g3 Be7 6. Bg2 O-O 7.
O-O Ne4 8. Qc2 Nxc3 9. Qxc3 Bf6 10. Qc2 e5 11. dxe5 dxe5 12. e4 f4 13. gxf4 exf4 14.
Bxf4 Bxb2 15. Rad1 Qe7 16. Bg3 Ba3 17. c5 Be6 18. Nd4 Bf7 19. Nb5 Bxc5 20. Nxc7 Nc6 21. Nxa8 Rxa8 22. e5 Nd4 23. Qe4 Nc6 24. Rfe1 Rf8 25.
e6 Bg6 26. Qd5 Kh8 27. Qd7 Qf6 28. Rf1 Nd4 29. Qxb7 Bc2 30. Rxd4 Bxd4 31. e7 Re8 32.
Qc6 Qxc6 33. Bxc6 Rxe7 34. Rc1 Ba4 35. Bxa4 h6 36. Rc8+ Kh7 37. Bc2+ g6 38. Rc6 Rg7 39. h4 h5 40. Kg2 Kh6 41. Bf4+ Kh7 42. Bg5 Bb6 43.
f4 Be3 44. Kf3 Bd2 45. a4 Bb4 46. f5 gxf5 47. Bxf5+ Kg8 48. Rc8+ Kf7 49. Rc7+ Kf8 50. Rxg7 Kxg7 51. Ke4 Bc5 52. Kd5 1-0

[Event "*** Titled Tuesday Blitz"]
[Site "Chess.com"]
[Date "2020.10.20"]
[Round "7"]
[White "OsorioFernando"]
[Black "Khnykin_Nikolay"]
[Result "1-0"]
[WhiteElo "2277"]
[BlackElo "2055"]
[TimeControl "180+1"]
[EndTime "11:20:29 PDT"]
[Termination "OsorioFernando won by resignation"]

1. Nf3 e6 2. g3 d5 3. Bg2 Nf6 4. O-O Nc6 5. d4 Bd6 6. c4 O-O 7. Nc3 b6 8. cxd5 exd5 9. Nb5 Ne4 10. Nxd6 cxd6 11. Qb3 Be6 12. Be3 f5 13. Rfc1 Rc8 14.
Qa4 Na5 15. b3 Nc3 16. Rxc3 Rxc3 17. Bd2 Rc2 18. e3 Qc7 19. Bf1 Rc8 20. Ba6 Rb8 21. b4 Nb7 22. Be1 h6 23. Bd3 Rc1 24. Rxc1 Qxc1 25. Qxa7 Qc7 26. Nh4 Rc8 27. Nxf5 Bxf5 28.
Bxf5 Rf8 29. Be6+ Kh8 30. Bxd5 Qc1 31. Kf1 Qxe3 32. Qxb7 Qd3+ 33. Kg2 Qxd4 34. Bf3 Qe5 35. Bd2 Qd4 36. Be3 Qxb4 37. Bxb6 Qb2 38. a4 Rf6 39. a5 Rf8 40. Qe7 Rb8 41. Qxd6 Rc8 42. Qd4 Qxb6 43. axb6 1-0

[Event "*** Titled Tuesday Blitz"]
[Site "Chess.com"]
[Date "2020.10.20"]
[Round "7"]
[White "pedro_nascimento85"]
[Black "tan275"]
[Result "0-1"]
[WhiteElo "2007"]
[BlackElo "2177"]
[TimeControl "180+1"]
[EndTime "11:20:30 PDT"]
[Termination "tan275 won on time"]

1. d4 d5 2. c4 e6 3. Nc3 Nf6 4. cxd5 exd5 5. Bg5 Be7 6. e3 c6 7. Bd3 Nbd7 8. Qc2 Nh5 9. Bxe7 Qxe7 10. Nge2 g6 11.
O-O O-O 12. Rae1 Nhf6 13. Ng3 c5 14. f3 Nb6 15. Qf2 Bd7 16. e4 c4 17. Bb1 Qb4 18.
e5 Ne8 19. f4 Ng7 20. a3 Qe7 21. f5 Qh4 22. Bc2 Rae8 23. Qf3 Qxd4+ 24. Qf2 Qxf2+ 25. Rxf2 d4 26. Nce4 Nd5 27. Bb1 gxf5 28. Nd6 Re6 29. Ndxf5 Nxf5 30. Nxf5 d3 31. Nd6 Rg6 32. g3 Nb6 33.
Ne4 Be6 34. Nd2 Kg7 35. Ba2 Rg4 36. Rc1 Rd4 37. Rf4 Rxf4 38. gxf4 Rc8 39. Kf2 Bf5 40. Ke3 Be6 41. Rc3 Nd5+ 42. Kd4 Nxc3 43. bxc3 b5 0-1

[Event "*** Titled Tuesday Blitz"]
[Site "Chess.com"]
[Date "2020.10.20"]
[Round "7"]
[White "Hikaru"]
[Black "Annawel"]
[Result "1-0"]
[WhiteElo "3226"]
[BlackElo "2932"]
[TimeControl "180+1"]
[EndTime "11:20:31 PDT"]
[Termination "Hikaru won by resignation"]

1. e4 c5 2. Nf3 d6 3. Bb5+ Bd7 4. Bxd7+ Nxd7 5. O-O Ngf6 6. Re1 e6 7. c3 Be7 8. d4 cxd4 9. cxd4 d5 10. e5 Ne4 11.
Nbd2 Nxd2 12. Qxd2 O-O 13. Qf4 Rc8 14. Qg4 Kh8 15.
Qh5 Rc2 16. Bg5 Kg8 17. Rac1 Rxc1 18. Rxc1 Bxg5 19. Nxg5 h6 20. Nf3 Nb8 21. g4 Qb6 22. g5 Qxb2 23. Rc7 Qb1+ 24. Kg2 Qf5 25. Qh3 Qg6 26.
Qg3 Nc6 27. gxh6 Qxh6 28. Rxb7 a5 29. a3 a4 30. Rb6 Ne7 31. Qg5 Qxg5+ 32. Nxg5 Nf5 33.
Rb4 Ra8 34. Nf3 Kf8 35. h4 f6 36. h5 Kg8 37. Rb6 Re8 38. Ra6 Kh7 39. Rxa4 Kh6 40.
Ra7 Kxh5 41. a4 Kg4 42. a5 Kf4 43. a6 Rc8 44. Rf7 Rc2 45. exf6 gxf6 46. Rxf6 Rc3 47.
Ng1 Ra3 48. Ne2+ Kg5 49. Rxe6 Nh4+ 50. Kh2 Nf3+ 51. Kh1 Kf5 52. Re8 Rxa6 53. Rf8+ Ke4 54. Ng3+ Kxd4 55. Rxf3 Re6 56. Kg2 Kc4 57. Nf5 Rg6+ 58.
Rg3 Rf6 59. Ne3+ Kc5 60. Rg5 1-0

[Event "*** Titled Tuesday Blitz"]
[Site "Chess.com"]
[Date "2020.10.20"]
[Round "7"]
[White "TigranMukhutdinov"]
[Black "TorFredrikKaasen"]
[Result "0-1"]
[WhiteElo "2519"]
[BlackElo "2698"]
[TimeControl "180+1"]
[EndTime "11:20:31 PDT"]
[Termination "TorFredrikKaasen won by resignation"]

1. Nf3 Nf6 2. g3 b6 3. Bg2 Bb7 4. O-O g6 5. b3 Bg7 6. Bb2 O-O 7. c4 d6 8. d4 Nbd7 9. Nc3 Ne4 10. Nd5 e6 11. Ne3 f5 12. Qc2 Ndf6 13. Rfd1 a5 14. Nd2 Qc8 15. Nxe4 Nxe4 16. d5 Bxb2 17. Qxb2 Nf6 18. dxe6 Bxg2 19. e7 Rf7 20. Nxg2 Qe6 21. Nf4 Qxe7 22. Rd3 Re8 23. Re3 Qd7 24.
Rxe8+ Qxe8 25. Rd1 Qe7 26. h4 Rf8 27. a3 Re8 28. b4 axb4 29. axb4 Ra8 30. Qb3 Kg7 31. Qb2 Kf7 32. Qb3 Kg7 33. Qb2 Ra7 34. Rd3 Qe5 35.
Qxe5 dxe5 36. Nd5 Nxd5 37. Rxd5 Kf6 38. Rd7 h5 39. c5 bxc5 40. bxc5 Ke6 41. c6 Kf6 42.
Kg2 Ke6 43. Kf3 Ra3+ 44. e3 Ra7 45. Ke2 Ra2+ 46. Ke1 Ra1+ 47. Ke2 Ra2+ 48. Kf1 Ra1+ 49. Kg2 Ra7 50. Kf3 Kf6 51. e4 Ke6 52. exf5+ gxf5 53. Rh7 Ra6 54. Rh6+ Kd5 55. Rxh5 Ra3+ 56. Ke2 Ke4 57. f3+ Rxf3 58. Rxf5 Rxf5 0-1

[Event "*** Titled Tuesday Blitz"]
[Site "Chess.com"]
[Date "2020.10.20"]
[Round "7"]
[White "esrosenberg"]
[Black "Sergey85Rodchenkov"]
[Result "0-1"]
[WhiteElo "2289"]
[BlackElo "2425"]
[TimeControl "180+1"]
[EndTime "11:20:31 PDT"]
[Termination "Sergey85Rodchenkov won on time"]

1. Nf3 Nf6 2. c4 b6 3. g3 Bb7 4. Bg2 e6 5. O-O Be7 6. d4 O-O 7. Nc3 Na6 8. d5 Bb4 9. Bg5 Bxc3 10. bxc3 Nc5 11. Nd2 h6 12. Be3 d6 13. Bxc5 bxc5 14. dxe6 Bxg2 15. exf7+ Rxf7 16. Kxg2 Qe8 17. e3 Qe6 18.
Qf3 Raf8 19. h3 Kh8 20. Rab1 Nd7 21. Qd5 Qg6 22. Qe4 Qf6 23. Rb3 Nb6 24. f4 a5 25.
Qd3 Re7 26. Re1 Rfe8 27. e4 a4 28. Rb2 Qf7 29. a3 Re6 30. Re3 Qd7 31. Rb1 Qc6 32. Rbe1 R6e7 33. Nf3 Qb7 34. g4 Qa6 35. Nd2 Rf8 36. Kg3 Ref7 37. f5 Nd7 38. Nf3 Re7 39.
e5 dxe5 40. Nxe5 Nxe5 41. Rxe5 Ref7 42. Re8 Qc6 43. Rxf8+ Rxf8 44. Qd5 Qb6 45. Re6 Qb3 46. Qe5 Qxc4 47. Re7 Rf7 48. Re8+ Kh7 49. Re6 Qd3+ 50.
Qe3 Qd1 51. Rg6 Rd7 0-1

[Event "*** Titled Tuesday Blitz"]
[Site "Chess.com"]
[Date "2020.10.20"]
[Round "7"]
[White "OhanyanEminChess"]
[Black "ehrenfeld"]
[Result "1-0"]
[WhiteElo "2655"]
[BlackElo "2487"]
[TimeControl "180+1"]
[EndTime "11:20:32 PDT"]
[Termination "OhanyanEminChess won by resignation"]

1. e4 d6 2. d4 g6 3. Nc3 Bg7 4. f4 a6 5. Nf3 b5 6. Bd3 Nd7 7. e5 c5 8. Ne4 Nh6 9. c3 O-O 10. O-O cxd4 11. cxd4 Nb6 12. Qe2 Bg4 13. h3 Bxf3 14.
Qxf3 Nf5 15. Be3 dxe5 16. dxe5 Qxd3 17. Bxb6 Qxf3 18. Rxf3 Rac8 19. Bf2 Rc4 20. Nc3 Rd8 21. Rd1 Rxd1+ 22. Nxd1 f6 23. e6 Nd4 24. Bxd4 Rxd4 25.
Nf2 f5 26. Rd3 Rxf4 27. Rd8+ Bf8 28. Nd3 Rc4 29. Ne5 Rc1+ 30. Kh2 Kg7 31. Nd7 Re1 32. Nxf8 h6 33. Re8 Kf6 34. Ra8 Re2 35. Rxa6 Rxb2 36. Nd7+ Kg7 37. Nc5 f4 38. Kg1 g5 39. Rb6 h5 40. a4 Rb1+ 41. Kh2 Rb2 42. Rxb5 Ra2 43. Nd3 f3 44. Rxg5+ Kf6 45. Rg3 f2 46. Rf3+ Kxe6 47.
Rxf2 Rxa4 48. Nc5+ 1-0

[Event "*** Titled Tuesday Blitz"]
[Site "Chess.com"]
[Date "2020.10.20"]
[Round "7"]
[White "FMalexhdez"]
[Black "Xeniya2005"]
[Result "1-0"]
[WhiteElo "2273"]
[BlackElo "2387"]
[TimeControl "180+1"]
[EndTime "11:20:34 PDT"]
[Termination "FMalexhdez won on time"]

1. e4 e6 2. d4 d5 3. Nc3 Nf6 4. e5 Nfd7 5. f4 c5 6. Nf3 Nc6 7. Ne2 cxd4 8. Nexd4 Bc5 9. c3 Qb6 10. Be2 O-O 11. O-O Nxd4 12. Nxd4 Nb8 13. Kh1 Nc6 14. Nf3 Bd7 15. Bd3 h6 16. Qe2 Rac8 17. b4 Be7 18. Be3 Qd8 19. Nd4 Nxd4 20. Bxd4 a6 21. f5 exf5 22. Bxf5 Bxf5 23. Rxf5 Qd7 24. Raf1 Qe6 25. Qf2 Rc4 26. a3 Rc6 27. Qg3 Qg6 28. Qh3 f6 29.
exf6 Bxf6 30. Rxd5 Qe4 31. Rdf5 Re6 32. Bxf6 Rfxf6 33. Rxf6 Rxf6 34. Rg1 Kh7 35. Qc8 Rf2 36. a4 h5 37. Qc5 Rf5 38. Qd4 Qc6 39. h3 Rg5 40. Qd3+ g6 41. Qf3 Qxf3 42. gxf3 Rf5 43. Kg2 Rf4 44. Rc1 Rc4 45. Rc2 a5 46. Kf2 axb4 47.
Rb2 1-0

[Event "*** Titled Tuesday Blitz"]
[Site "Chess.com"]
[Date "2020.10.20"]
[Round "7"]
[White "Sychev_Klementy"]
[Black "sergiochess83"]
[Result "0-1"]
[WhiteElo "2861"]
[BlackElo "2765"]
[TimeControl "180+1"]
[EndTime "11:20:35 PDT"]
[Termination "sergiochess83 won on time"]

1. e4 e5 2. Nf3 Nc6 3. Bb5 a6 4. Ba4 Nf6 5. O-O b5 6. Bb3 Bc5 7. a4 Rb8 8. c3 d6 9. d4 Bb6 10. a5 Ba7 11. h3 O-O 12. Be3 Ra8 13. Nbd2 Bb7 14. Re1 Re8 15. d5 Ne7 16. Bxa7 Rxa7 17. c4 c6 18. Bc2 h6 19. b3 cxd5 20. cxd5 Bc8 21. b4 Rc7 22. Rc1 Ng6 23. Bd3 Ree7 24. Qb3 Ne8 25. Bf1 Rxc1 26. Rxc1 Rc7 27. Qb2 Rxc1 28.
Qxc1 Qc7 29. Qb2 f5 30. g3 Ne7 31. Bd3 fxe4 32. Nxe4 Nxd5 33. Nh4 Be6 34. Kh2 Nef6 35.
Nxf6+ Nxf6 36. Qd2 d5 37. Be2 d4 38. Bd3 e4 39.
Bb1 Qc3 40. Qf4 d3 41. Qd6 Bc8 42. Qd8+ Kh7 43. Ba2 Qc2 44. Bf7 Qxf2+ 45. Ng2 d2 0-1

[Event "*** Titled Tuesday Blitz"]
[Site "Chess.com"]
[Date "2020.10.20"]
[Round "7"]
[White "ural58"]
[Black "TrenerChos"]
[Result "1-0"]
[WhiteElo "2342"]
[BlackElo "2182"]
[TimeControl "180+1"]
[EndTime "11:20:36 PDT"]
[Termination "ural58 won on time"]

1. e4 c5 2. b3 Nc6 3. Bb2 e6 4. Qe2 e5 5. f4 d6 6. Nc3 Nf6 7. O-O-O Nd4 8. Qf2 Ng4 9. Qg3 Be7 10. Nf3 Nxf3 11.
gxf3 Bh4 12. Qg2 Nf2 13. Qxg7 Bf6 14. Bb5+ Bd7 15. Bxd7+ Kxd7 16. Qxf7+ Kc8 17. Nd5 Rf8 18. Qxh7 Nxd1 19. Rxd1 Qd7 20. Qh5 Qf7 21. Qg4+ Kd8 22. Rg1 Bh8 23. f5 Qh7 24. h4 Kd7 25. f6+ Kc6 26.
b4 Bxf6 27. b5+ Kxb5 28. Qe6 Rg8 29. Rh1 Qg6 30. Bc3 Kc6 31. Ne7+ Bxe7 32. Qxe7 Qg2 33. Rd1 Qxf3 34. Qe6 Qxe4 35. h5 Qd5 36. Qh3 Qxa2 37. h6 Rh8 38. Rh1 Qa3+ 39. Kb1 b5 40. h7 Kb6 41.
Qe6 b4 42. Bxe5 Kb5 43. Qd7+ Kc4 44. d3+ 1-0

[Event "*** Titled Tuesday Blitz"]
[Site "Chess.com"]
[Date "2020.10.20"]
[Round "7"]
[White "frederiksvane"]
[Black "Susal_De_Silva"]
[Result "0-1"]
[WhiteElo "2639"]
[BlackElo "2435"]
[TimeControl "180+1"]
[EndTime "11:20:37 PDT"]
[Termination "Susal_De_Silva won on time"]

1. e4 e5 2. Nf3 Nc6 3. Bb5 a6 4. Ba4 Nf6 5. O-O Be7 6. Re1 b5 7. Bb3 d6 8. c3 O-O 9. h3 Na5 10.
Bc2 c5 11. d4 Nd7 12. d5 Nb6 13. b3 f5 14. exf5 Bxf5 15. Bxf5 Rxf5 16. Qd3 Rf8 17. Nbd2 c4 18. Qe4 Rc8 19. Ba3 Nb7 20. g3 cxb3 21.
axb3 a5 22. c4 Qd7 23. Kg2 b4 24. Bb2 Nc5 25. Qc2 a4 26. bxa4 Nbxa4 27. Nb3 Nxb2 28. Nxc5 Rxc5 29. Qxb2 Rxc4 30. Re3 Qf5 31. Ra7 Bd8 32.
Rb7 Re4 33. Qe2 Rxe3 34. Qxe3 Qb1 35. Qd2 Qe4 36. Qe3 Qxd5 37. Rxb4 Bg5 38. Qe4 Qxe4 39. Rxe4 Bf6 40. Re3 Kf7 41. Rd3 Ke6 42. g4 d5 43.
g5 Be7 44. Re3 Bd6 45. Kg3 e4+ 46. Kg4 Rxf3 47. Kh5 Rxe3 48. Kg4 Rf3 0-1

[Event "*** Titled Tuesday Blitz"]
[Site "Chess.com"]
[Date "2020.10.20"]
[Round "7"]
[White "BlackBoarder"]
[Black "Manukyan_Artak"]
[Result "1-0"]
[WhiteElo "2591"]
[BlackElo "2414"]
[TimeControl "180+1"]
[EndTime "11:20:37 PDT"]
[Termination "BlackBoarder won on time"]

1. e4 c6 2. Nf3 d5 3. Nc3 Bg4 4. h3 Bxf3 5. Qxf3 Nf6 6. d3 e5 7. Bg5 Bb4 8. a3 Bxc3+ 9. bxc3 Nbd7 10. exd5 cxd5 11. Be2 Rc8 12. Bd2 e4 13. Qg3 O-O 14. O-O Qc7 15. Qh4 Ne5 16. Rab1 Ng6 17. Qg3 Qxg3 18.
fxg3 b6 19. a4 Rfe8 20. a5 bxa5 21. Rb5 d4 22. c4 e3 23. Bxa5 Re5 24. Rfb1 h5 25.
Rxe5 Nxe5 26. Be1 Nc6 27. Rb5 g6 28. Bf3 Nd7 29. Kf1 Nce5 30. Bd5 Rc5 31. Rxc5 Nxc5 32.
Ke2 Kg7 33. Bb4 Ne6 34. Ba3 g5 35. Bb2 Kg6 36. Bxe6 fxe6 37. Bxd4 Nc6 38. Bxe3 e5 39. Bc5 Kf5 40. Ke3 g4 41. h4 a5 42. c3 a4 43. d4 Na5 44. dxe5 Nxc4+ 45. Kd4 Nxe5 46. Ba3 1-0

[Event "*** Titled Tuesday Blitz"]
[Site "Chess.com"]
[Date "2020.10.20"]
[Round "7"]
[White "konradrutkowski"]
[Black "Sacbutt"]
[Result "1/2-1/2"]
[WhiteElo "2404"]
[BlackElo "2283"]
[TimeControl "180+1"]
[EndTime "11:20:37 PDT"]
[Termination "Game drawn - insufficient material"]

1. e4 d5 2. exd5 Qxd5 3. Nc3 Qd6 4. d4 Nf6 5. Nf3 c6 6. Ne5 Nbd7 7. Bf4 Nd5 8. Nxd5 Qxd5 9. Bc4 Qe4+ 10. Qe2 Qxe2+ 11. Kxe2 Nxe5 12. Bxe5 Bf5 13. c3 e6 14. h4 Be7 15. h5 Bf6 16. Bxf6 gxf6 17. f3 h6 18. g4 Bh7 19. Ke3 Rg8 20. Kf4 f5 21. Rhg1 fxg4 22.
Rxg4 Ke7 23. Rag1 Rxg4+ 24. fxg4 Rg8 25. g5 hxg5+ 26. Rxg5 f6 27. Rxg8 Bxg8 28. Be2 Bh7 29. Bf3 Kf7 30. a4 Kg7 31. a5 a6 32. b4 Bd3 33. Bg4 Bc4 34. Bf3 Kh6 35. Bd1 Kg7 36. Bc2 Kh6 37. Bg6 Kg7 38. Be8 Kh6 39. Bd7 Kxh5 40. Bc8 Kg6 41. Bxb7 Bb5 42. c4 Bxc4 43. Bxc6 Kf7 44. b5 Ke7 45. b6 Kd6 46. Bb7 e5+ 47.
dxe5+ fxe5+ 48. Ke4 Bf1 49. Bc8 Bg2+ 50. Ke3 Kc5 51.
Bd7 Kb4 52. Bh3 Kxa5 53. Bxg2 Kxb6 54. Ke4 Kb5 55. Kxe5 a5 56. Bh3 Kb4 57. Bd7 a4 58. Bxa4 1/2-1/2

[Event "*** Titled Tuesday Blitz"]
[Site "Chess.com"]
[Date "2020.10.20"]
[Round "7"]
[White "sbouchet"]
[Black "BJthechessgod"]
[Result "0-1"]
[WhiteElo "2390"]
[BlackElo "2211"]
[TimeControl "180+1"]
[EndTime "11:20:38 PDT"]
[Termination "BJthechessgod won on time"]

1. e4 c5 2. c3 d5 3. exd5 Qxd5 4. d4 Nc6 5. Nf3 Bg4 6. Be2 e6 7. O-O Nf6 8. Be3 cxd4 9. cxd4 Be7 10. Nc3 Qd7 11. h3 Bh5 12. Qb3 O-O 13. Rfd1 Rfd8 14. Rac1 b6 15. g4 Bxg4 16. hxg4 Nxg4 17. d5 exd5 18.
Rxd5 Qe6 19. Rxd8+ Nxd8 20. Qxe6 Nxe6 21. Nd5 Bd6 22.
Nd4 Nxe3 23. fxe3 Nxd4 24. exd4 Re8 25. Kf2 f5 26. Bc4 Kf8 27. Kf3 g5 28. Nf6 g4+ 29. Kg2 Re3 30. Rh1 Kg7 31. Nxh7 Rg3+ 32. Kf2 Rf3+ 33. Ke2 Rh3 34. Rxh3 gxh3 35. Ng5 h2 36.
Bd5 Kf6 37. Nh3 Kg6 38. Bf3 Bg3 39. Kf1 f4 40. Kg2 Kf5 41. Nf2 Ke6 42. Ng4 Be1 43.
Kxh2 Bd2 44. Kg2 Bc1 45. b3 Bb2 46. Kf1 Bxd4 47. Ke2 Kd6 48. Kd3 Kc5 49. Nh6 Be3 50. Nf5 Bc1 51. a4 Kb4 52. Bd5 f3 53. Nd4 f2 54. Ke2 Kc3 55. Nb5+ Kb4 56. Nxa7 Be3 57. Nb5 Bc5 58. Bc4 Ka5 59. Kd1 Kb4 60. Kc2 Be3 61. Bf1 Bc5 62. Nc7 Bd4 63. Nd5+ Kc5 64. Nf4 Kb4 65. Nd3+ Ka3 0-1

[Event "*** Titled Tuesday Blitz"]
[Site "Chess.com"]
[Date "2020.10.20"]
[Round "7"]
[White "szachuspl"]
[Black "Pultis"]
[Result "1-0"]
[WhiteElo "2541"]
[BlackElo "2670"]
[TimeControl "180+1"]
[EndTime "11:20:40 PDT"]
[Termination "szachuspl won on time"]

1. d4 c5 2. d5 e5 3. e4 d6 4. Be3 g6 5. Nc3 a6 6. a4 Bg7 7. Nf3 Ne7 8. Nd2 O-O 9. Nc4 f5 10. f3 f4 11. Bf2 g5 12. h4 g4 13. fxg4 b6 14. Be2 Qc7 15. Bf3 Nd7 16. Qe2 Rb8 17.
Na3 Qb7 18. g5 Rd8 19. Bg4 Nf8 20. Bxc8 Rdxc8 21. h5 Nd7 22. Qg4 Nf8 23. Ra2 Ra8 24. Bh4 Rcb8 25. O-O Qc7 26. Raa1 Rb7 27. g3 Rab8 28.
Nc4 b5 29. axb5 axb5 30. Na5 b4 31. Ne2 Ra7 32. Nc4 Rba8 33. Rab1 Nc8 34. gxf4 exf4 35.
Rxf4 Nb6 36. Nxb6 Qxb6 37. Rbf1 Ra1 38. b3 Rxf1+ 39. Rxf1 c4+ 40. Bf2 Qb5 41. Nd4 Qe8 42.
Nf5 Be5 43. Nh6+ Kh8 44. Be3 cxb3 45. cxb3 Rb8 46. Qf5 Bg7 47. Nf7+ Kg8 48. g6 hxg6 49. hxg6 Qe7 50. Bg5 Qa7+ 51. Kg2 Re8 52. Bf6 Qa2+ 53. Rf2 Qb1 54. Bxg7 Nd7 55. Nxd6 Re7 56. Bf6 1-0

[Event "*** Titled Tuesday Blitz"]
[Site "Chess.com"]
[Date "2020.10.20"]
[Round "7"]
[White "Vanina1989"]
[Black "Heineccius"]
[Result "0-1"]
[WhiteElo "2660"]
[BlackElo "2539"]
[TimeControl "180+1"]
[EndTime "11:20:40 PDT"]
[Termination "Heineccius won on time"]

1. d4 Nf6 2. c4 e6 3. Nf3 Bb4+ 4. Bd2 a5 5. g3 d6 6. Bg2 Nbd7 7. O-O e5 8. Bh6 gxh6 9. a3 Bc5 10. dxc5 Nxc5 11. Nc3 a4 12. Nd2 Be6 13. e3 Qe7 14. Qe2 Bg4 15. f3 Bd7 16. e4 Ne6 17. Qd3 Nd4 18. f4 h5 19. fxe5 dxe5 20. Nf3 c5 21. Nxd4 cxd4 22. Nd5 Nxd5 23. exd5 O-O 24. Rae1 Qg5 25. Qe2 Rae8 26. c5 f5 27. Qc4 Kh8 28. c6 bxc6 29.
dxc6 Bc8 30. Qc5 Qg7 31. c7 h4 32. Rf3 Re7 33. gxh4 e4 34. Rg3 Rxc7 35. Qd6 Qe7 36. Qxd4+ Qf6 37. Qxa4 Rg7 38. Qc4 Be6 39. Qc5 Rfg8 40.
Ree3 f4 41. Rxg7 Qxg7 42. Re2 f3 43. Rf2 fxg2 44. Qe3 Qg4 45. Qd4+ Qg7 46. Qxe4 Bh3 47. Qf3 Bg4 48. Qg3 Bh5 0-1

[Event "*** Titled Tuesday Blitz"]
[Site "Chess.com"]
[Date "2020.10.20"]
[Round "7"]
[White "Korchmar_Vasiliy"]
[Black "Harsha_Bharathakoti"]
[Result "0-1"]
[WhiteElo "2602"]
[BlackElo "2780"]
[TimeControl "180+1"]
[EndTime "11:20:42 PDT"]
[Termination "Harsha_Bharathakoti won on time"]

1. e4 c6 2. Nc3 d5 3. Nf3 Bg4 4. h3 Bxf3 5. Qxf3 e6 6. Be2 Bc5 7. d3 Ne7 8. Qg3 O-O 9. Bg5 Nd7 10. O-O-O b5 11. Bf3 Bd4 12. Ne2 Bf6 13. h4 a5 14.
d4 dxe4 15. Bxe4 Nd5 16. Nf4 Nxf4 17. Qxf4 Rc8 18. Rh3 Kh8 19. Rg3 Nb6 20. Qg4 Nd5 21.
Rdd3 g6 22. Rdf3 Bxg5+ 23. hxg5 Kg7 24. Rh3 Rh8 25. Rh6 Qe7 26. Rfh3 c5 27. Qh4 Kf8 28. Kb1 cxd4 29. Rxh7 Rxh7 30. Qxh7 Ke8 31. Bxd5 exd5 32. Rh1 Kd7 33. Qg7 d3 34. cxd3 Qe6 35.
Qd4 Rc7 36. a3 Qf5 37. f4 Rc4 38. Qe3 Rxf4 39. Qa7+ Kd6 40. Qb6+ Kd7 41. Qxb5+ Kd6 42. Rc1 Rf1 43. Qc6+ Ke5 44. Qc3+ Ke6 45. Qc6+ Ke5 46. Qc7+ Kd4 47. Qb6+ Kxd3 48. Qa6+ Kd2+ 0-1

[Event "*** Titled Tuesday Blitz"]
[Site "Chess.com"]
[Date "2020.10.20"]
[Round "7"]
[White "Maksimus1998"]
[Black "Loy_Konstantin"]
[Result "0-1"]
[WhiteElo "2592"]
[BlackElo "2378"]
[TimeControl "180+1"]
[EndTime "11:20:42 PDT"]
[Termination "Loy_Konstantin won by resignation"]

1. e4 c5 2. Nf3 d6 3. Nc3 Nf6 4. d4 cxd4 5. Nxd4 g6 6. g3 Nc6 7. Bg2 Nxd4 8. Qxd4 Bg7 9. O-O O-O 10. Qd3 Be6 11.
Be3 Nd7 12. f4 Qc8 13. Rfd1 Bc4 14. Qd2 Nc5 15. Bd4 Bxd4+ 16. Qxd4 Ne6 17. Qe3 Qc5 18. Kf2 Qxe3+ 19. Kxe3 Rac8 20. Rd2 Nc5 21. h4 h6 22. h5 Kg7 23. hxg6 fxg6 24. b3 Be6 25. Nb5 a6 26. Nd4 Bd7 27. Rad1 Ne6 28. c4 Nxd4 29. Rxd4 Bc6 30. Bh3 Rcd8 31. Be6 Kf6 32. Bd5 Bxd5 33. Rxd5 Rc8 34. e5+ dxe5 35. Rxe5 Rc7 36. Rd4 Rfc8 37. Rde4 Rd8 38. Re6+ Kf7 39. Rb6 Rd6 40. Rxd6 exd6 41. Rd4 Ke6 42. g4 Rh7 43. Kf3 h5 44. gxh5 Rxh5 45. Re4+ Kd7 46. Re2 Rh3+ 47. Ke4 Rg3 48. Rh2 Ke6 49. Rh7 b5 50. Rg7 Kf6 51. Ra7 bxc4 52.
bxc4 Ra3 53. Kd5 Rxa2 54. Kxd6 Rd2+ 55. Kc6 Kf5 56. Rf7+ Ke4 57. c5 a5 58. Kb5 Rc2 59. c6 a4 60. Rf6 a3 61. Rxg6 a2 62. Rg1 Rb2+ 63. Ka6 Rb1 64. Rxb1 axb1=Q 65. c7 Qa2+ 66. Kb7 Qb3+ 67. Ka8 Qa4+ 68. Kb8 Qb5+ 69. Ka8 Qa6+ 70.
Kb8 Qb6+ 71. Kc8 Kd5 72. Kd7 Qd6+ 73. Kc8 Kc6 74. Kb8 Qxc7+ 0-1

[Event "*** Titled Tuesday Blitz"]
[Site "Chess.com"]
[Date "2020.10.20"]
[Round "7"]
[White "Blitzstream"]
[Black "Boundless_Strike"]
[Result "0-1"]
[WhiteElo "2657"]
[BlackElo "2540"]
[TimeControl "180+1"]
[EndTime "11:20:43 PDT"]
[Termination "Boundless_Strike won by resignation"]

1. d4 Nf6 2. Bg5 e6 3. e4 Be7 4. Nd2 d5 5. e5 Nfd7 6. Bxe7 Qxe7 7. c3 c5 8. Bd3 Nc6 9. Ne2 O-O 10. O-O f6 11. f4 f5 12. Kh1 b6 13. Rg1 cxd4 14. Nxd4 Bb7 15. N2f3 Nc5 16. Qe2 Ne4 17. g4 fxg4 18.
Rxg4 Nxd4 19. Nxd4 Rf7 20. Rag1 Raf8 21. Qe3 g6 22. h4 Kh8 23. Kh2 h5 24. Rg5 Rxf4 25.
Bxe4 Rxh4+ 26. Kg3 Rxe4 27. Qd2 Qf7 28. Rg2 Kh7 29. Kh3 Rg4 30. R5xg4 hxg4+ 31. Rxg4 Qf1+ 32. Qg2 Qxg2+ 33. Kxg2 Bc8 34. Nf3 Rf5 35. Ra4 a5 36.
b4 Bd7 37. Ra3 a4 38. b5 Bxb5 39. Nd4 Rg5+ 40. Kf3 Bd7 41. Kf4 Rh5 42. c4 Rh4+ 43.
Ke3 Rh3+ 44. Nf3 dxc4 45. Kf4 Kg7 46. Rc3 Bc6 47. Rxc4 Rxf3+ 48. Kg4 Bd5 49. Rc7+ Kf8 50. Kg5 Rf5+ 51. Kxg6 Rxe5 52. Kf6 Rf5+ 53. Kg6 Ke8 54. Ra7 b5 0-1